 Dungeon Crawl Stone Soup version 0.17.1-3-g152610e (webtiles) character file.

6306 Mechanique the Blocker (level 10, -1/135 HPs)
             Began as a Minotaur Berserker on Feb 19, 2016.
             Was an Elder of Trog.
             Slain by a nine-headed hydra (14 damage)
             ... on level 9 of the Dungeon.
             The game lasted 00:53:08 (6459 turns).

Mechanique the Blocker (Minotaur Berserker)         Turns: 6459, Time: 00:53:08

Health: -1/135     AC: 11    Str: 34    XL:     10   Next: 63%
Magic:  9/9        EV: 12    Int:  4    God:    Trog [****..]
Gold:   455        SH:  5    Dex:  5    Spells: 0 memorised, 9 levels left

rFire  + . .     SeeInvis .     w - +2 falchion "Spiderslayer" {slice, +Fly rF+ Dex-4}
rCold  . . .     Clarity  .     y - +2 ring mail {MR+}
rNeg   . . .     SustAt   .     u - +0 buckler
rPois  .         Gourm    .     (helmet restricted)
rElec  .         Spirit   .     (no cloak)
rCorr  .         Warding  .     r - +1 pair of gloves {archery}
rMut   .         Stasis   .     (no boots)
MR     +....                    v - amulet of rage
Stlth  ..........               l - +3 ring of strength
                                d - +2 ring of slaying

@: berserking, very quick, somewhat resistant to hostile enchantments, extremely
unstealthy
A: retaliatory headbutt, horns 2
a: Berserk, Trog's Hand, Brothers in Arms, Burn Spellbooks, Renounce Religion,
Evoke Berserk Rage, Evoke Flight


You were on level 9 of the Dungeon.
You worshipped Trog.
Trog was greatly pleased with you.
You were not hungry.

You visited 1 branch of the dungeon, and saw 9 of its levels.

You collected 455 gold pieces.

Inventory:

Hand Weapons
 b - a +0 whip
 w - the +2 falchion "Spiderslayer" (weapon) {slice, +Fly rF+ Dex-4}
   (You found it on level 5 of the Dungeon)

   It inflicts extra damage upon your enemies.
   It affects your dexterity (-4).
   It protects you from fire.
   It lets you fly.
Armour
 a - a +1 shield
 r - a +1 pair of gloves of archery (worn)
 u - a +0 buckler (worn)
 y - a +2 ring mail of magic resistance (worn)
 B - a +0 large shield
Jewellery
 d - a +2 ring of slaying (left hand)
 l - a +3 ring of strength (right hand)
 m - a cursed ring of protection from fire {unknown}
 v - an amulet of rage (around neck)
 E - an uncursed ring of stealth
Wands
 k - a wand of digging (6)
 s - a wand of disintegration (18)
 t - a wand of invisibility (5)
 A - a wand of fire (6)
 F - a wand of draining (7)
Scrolls
 e - 3 scrolls of enchant armour
 f - 7 scrolls of identify
 i - 3 scrolls of fear
 j - 2 scrolls of fog
 n - a scroll of recharging
 p - 5 scrolls of remove curse
Potions
 q - 2 potions of haste
 x - 2 potions of curing
 z - 3 potions of heal wounds
 D - a potion of flight
 G - a potion of lignification {unknown}
Comestibles
 c - 6 bread rations
 g - 19 fruits
 h - 2 chunks of flesh
 o - 2 meat rations
 C - 2 beef jerkies
 H - 6 slices of pizza


   Skills:
 + Level 8.9 Fighting
 - Level 7.6 Maces & Flails
 + Level 8.8 Armour
 + Level 8.1 Dodging
 * Level 10.9 Shields


You had 9 spell levels left.
You didn't know any spells.

Dungeon Overview and Level Annotations

Branches:
Dungeon (9/15)             Temple (0/1) D:6            Lair (0/8) D:8
    Orc (0/4) D:9

Altars:
Dithmenos
Fedhas
Vehumet
Yredelemnul

Shops:
D:7 !   D:8 (


Innate Abilities, Weirdness & Mutations

You reflexively headbutt those who attack you in melee.
You have a pair of horns on your head.


Message History

The eight-headed hydra is moderately wounded.
The eight-headed hydra bites you! x3
You block the eight-headed hydra's attack.
The eight-headed hydra bites you! x2
The eight-headed hydra bites you but does no damage. x2
You chop one of the eight-headed hydra's heads off!
The seven-headed hydra grows two more!
You hit the nine-headed hydra. You headbutt the nine-headed hydra!
The nine-headed hydra is heavily wounded.
The nine-headed hydra bites you!
* * * LOW HITPOINT WARNING * * *
The nine-headed hydra misses you. The nine-headed hydra bites you!
* * * LOW HITPOINT WARNING * * *
The nine-headed hydra bites you but does no damage. x2
The nine-headed hydra bites you!
* * * LOW HITPOINT WARNING * * *
The nine-headed hydra closely misses you.
The nine-headed hydra bites you but does no damage.
The nine-headed hydra bites you!
You die...

# #.#
#.#####....... #
#######.#
#.............
#########.......#
##############
.........##########
......<.##.....#..#
........##≈....'..#
........##..P..'..#
.........)†....'..#
.........#†....#@.#
######
.).......#≈)P≈P##D#
#.....
######...#P≈≈≈≈# %#
#.#### #...#PP≈P.+
.# #.#
#...##########
#.####
#............
#.....
#####.........###
###...
.............# #..#
#............# #..#


You could see a nine-headed hydra.

Vanquished Creatures
  Prince Ribbit (D:5)
  Sigmund (D:4)
  A hill giant zombie (D:9)
  4 hippogriffs
  A human (D:3)
  2 yaks (D:9)
  3 hungry ghosts
  Edmund (D:6)
  3 wargs (D:8)
  3 sky beasts
  4 ice beasts
  A black bear (D:6)
  A necrophage (D:7)
  8 centaurs
  5 ogres
  A phantom (D:9)
  Blork the orc (D:6)
  2 big kobolds (D:9)
  3 giant frogs
  A wyvern zombie (D:3)
  A wyvern skeleton (D:8)
  A scorpion (D:7)
  A troll zombie (D:9)
  2 crimson imps
  5 killer bees (D:7)
  2 jellies (D:9)
  A giant frog zombie (D:8)
  A gnoll shaman (D:4)
  5 orc wizards
  7 hounds
  4 orc priests
  3 worker ants
  3 giant frog skeletons
  2 sheep (D:9)
  6 ogre zombies (D:9)
  A hound skeleton (D:8)
  9 adders
  A shadow imp (D:9)
  4 oozes
  An adder skeleton (D:4)
  4 worms
  2 giant geckos (D:5)
  25 orcs
  7 bats
  9 giant cockroaches
  8 hobgoblins
  8 kobolds
  3 ball pythons
  6 giant newts
  15 goblins
  A goblin skeleton (D:9)
  A goblin zombie (D:9)
  A hobgoblin skeleton (D:9)
  4 hobgoblin zombies (D:9)
  9 jackals
  2 jackal skeletons
  A kobold zombie (D:3)
  3 orc skeletons (D:9)
  15 orc zombies (D:9)
  3 quokkas
  A quokka skeleton (D:6)
  4 rats
239 creatures vanquished.

Notes
Turn   | Place    | Note
--------------------------------------------------------------
     0 | D:1      | Mechanique the Minotaur Berserker began the quest for the Orb.
     0 | D:1      | Reached XP level 1. HP: 19/19 MP: 0/0
    75 | D:1      | Reached skill level 4 in Maces & Flails
   250 | D:1      | Reached XP level 2. HP: 27/27 MP: 1/1
   552 | D:1      | Reached ** piety under Trog
   599 | D:1      | Reached XP level 3. HP: 25/33 MP: 2/2
  1210 | D:2      | Reached XP level 4. HP: 39/41 MP: 3/3
  1393 | D:3      | Reached skill level 1 in Shields
  1401 | D:3      | Reached *** piety under Trog
  1657 | D:3      | Reached XP level 5. HP: 47/47 MP: 4/4
  1850 | D:3      | Found a runed door.
  1850 | D:3      | Noticed a human
  1852 | D:3      | Found a basalt altar of Yredelemnul.
  1878 | D:3      | Killed a human
  1878 | D:3      | Reached skill level 5 in Fighting
  1878 | D:3      | Reached skill level 5 in Maces & Flails
  1878 | D:3      | Reached XP level 6. HP: 43/56 MP: 5/5
  2406 | D:4      | Reached XP level 7. HP: 39/61 MP: 6/6
  2512 | D:4      | Noticed Sigmund
  2526 | D:4      | Killed Sigmund
  3119 | D:5      | Entered Level 5 of the Dungeon
  3124 | D:5      | Found a shadowy altar of Dithmenos.
  3152 | D:5      | Reached skill level 5 in Shields
  3155 | D:5      | Reached skill level 5 in Armour
  3162 | D:5      | Got a smoking falchion
  3163 | D:5      | Identified the cursed +2 falchion "Spiderslayer" {slice, +Fly rF+ Dex-4} (You found it on level 5 of the Dungeon)
  3382 | D:5      | Noticed Prince Ribbit
  3390 | D:5      | Killed Prince Ribbit
  3390 | D:5      | Reached **** piety under Trog
  3390 | D:5      | Reached skill level 6 in Fighting
  3390 | D:5      | Reached skill level 5 in Dodging
  3390 | D:5      | Reached XP level 8. HP: 58/70 MP: 7/7
  3808 | D:6      | Reached skill level 7 in Shields
  3932 | D:6      | Found a radiant altar of Vehumet.
  3937 | D:6      | Reached XP level 9. HP: 74/78 MP: 8/8
  3963 | D:6      | Noticed Blork the orc
  3967 | D:6      | Killed Blork the orc
  4045 | D:6      | Found a staircase to the Ecumenical Temple.
  4051 | D:6      | Noticed Edmund
  4063 | D:6      | Killed Edmund
  4298 | D:7      | Reached skill level 8 in Shields
  4327 | D:7      | Found a blossoming altar of Fedhas.
  4778 | D:7      | Found Zegutz's Distillery.
  5043 | D:8      | Reached skill level 9 in Shields
  5207 | D:8      | Reached XP level 10. HP: 67/88 MP: 9/9
  5470 | D:8      | Found Faobuk's Antique Weapon Boutique.
  5563 | D:8      | Found a staircase to the Lair.
  5832 | D:9      | Reached skill level 10 in Shields
  6178 | D:9      | Found a staircase to the Orcish Mines.
  6382 | D:9      | HP: 3/90 [yak (7)]
  6451 | D:9      | Noticed a three-headed hydra
  6459 | D:9      | Slain by a nine-headed hydra

Action                   |  1- 3 |  4- 6 |  7- 9 | 10-12 || total
-------------------------+-------+-------+-------+-------++-------
Melee: Mace              |    81 |       |       |       ||    81
       Whip              |    22 |   113 |    40 |       ||   175
       Falchion          |       |       |   206 |   197 ||   403
Invok: Trog's Hand       |     1 |       |     7 |     5 ||    13
       Berserk           |       |     3 |     3 |     3 ||     9
       Burn Spellbooks   |       |       |     2 |       ||     2
 Abil: Evoke Berserk Rag |       |       |     1 |       ||     1
  Use: Scroll            |     1 |     6 |     5 |       ||    12
       Potion            |     1 |     3 |     6 |     1 ||    11
 Stab: Distracted        |       |     1 |       |       ||     1
  Eat: Chunk             |     1 |     7 |     9 |     9 ||    26
       Meat ration       |       |       |     1 |       ||     1
       Fruit             |       |       |       |     3 ||     3
       Pizza             |       |       |       |     1 ||     1
